ITL
LOUISVILLE BATS @ BIRMINGHAM BARONS
04/22/2028
 
TOP OF THE 1ST
Louisville Bats batting - Pitching for Birmingham Barons : RHP Guillermo Lozano
Pitching: RHP Guillermo Lozano
Batting: SHB Ricardo Arévalo 0-0: Foul Ball, location: 2F
0-1: Ball
1-1: Foul Ball, location: 2F
1-2: Fly out, F7 (Flyball, 7S)
Batting: RHB John Denton 0-0: Foul Ball, location: 2F
0-1: Ball
1-1: Ball
2-1: Foul Ball, location: 2F
2-2: Ball
3-2: Fly out, F6 (Line Drive, 6M)
Batting: RHB Jesús Cabrera 0-0: Foul Ball, location: 2F
0-1: Ball
1-1: Swinging Strike
1-2: Ball
2-2: SINGLE (Groundball, 6S) (infield hit)
Batting: RHB Eric Thompson 0-0: Called Strike
Jesús Cabrera steals 2nd base
0-1: Ball
1-1: Ball
2-1: 2-RUN HOME RUN (Line Drive, 89XD), Distance : 415 ft
Batting: RHB Dick Slagboom 0-0: Foul Ball, location: 2F
0-1: Swinging Strike
0-2: Ball
1-2: Ball
2-2: Foul Ball, location: 2F
2-2: Ball
3-2: Ground out 6-3 (Groundball, 56D)
Top of the 1st over - 2 run(s), 2 hit(s), 0 error(s), 0 left on base; Louisville 2 - Birmingham 0
BOTTOM OF THE 1ST
Birmingham Barons batting - Pitching for Louisville Bats : LHP Matt Parker
Pitching: LHP Matt Parker
Batting: SHB Tony Echevarría 0-0: DOUBLE (Groundball, 5L)
Batting: RHB Juan Jiménez 0-0: Called Strike
0-1: Foul Ball, location: 2F
0-2: Foul Ball, location: 2F
0-2: Fly out, F7 (Flyball, 7S)
Batting: RHB Dave Dawson 0-0: Ball
1-0: Ball
2-0: Foul Ball, location: 2F
2-1: Foul Ball, location: 2F
2-2: Strikes out swinging
Batting: SHB Theron Harper 0-0: Called Strike
0-1: Ball
1-1: Foul Ball, location: 2F
1-2: Ball
2-2: SINGLE (Line Drive, 6MD)
Tony Echevarría to third
Runner from 3rd tries for Home, SAFE, no throw
Batting: LHB Chris Miller 0-0: Ball
1-0: Called Strike
1-1: Ball
2-1: Reached on error, E5 (Groundball, 56)
Theron Harper to second
Batting: RHB Peyton Yardley 0-0: Called Strike
0-1: Fielders Choice at 2nd, 6-4 (Groundball, 6)
Bottom of the 1st over - 1 run(s), 2 hit(s), 1 error(s), 1 left on base; Louisville 2 - Birmingham 1
TOP OF THE 2ND
Louisville Bats batting - Pitching for Birmingham Barons : RHP Guillermo Lozano
Batting: RHB Juan Costello 0-0: Ball
1-0: Foul Ball, location: 2F
1-1: Fly out, F8 (Flyball, 8LM)
Batting: RHB Danny Campbell 0-0: Foul Ball, location: 2F
0-1: Ball
1-1: SINGLE (Flyball, 78S)
Batting: RHB Shawn Marshall 0-0: Called Strike
0-1: DOUBLE (Groundball, 3L)
Danny Campbell to third
Batting: LHB John Latham 0-0: Called Strike
0-1: Ground out 3-1 (Groundball, 34)
Danny Campbell scores
Shawn Marshall to third
Batting: SHB Ricardo Arévalo 0-0: Ball
1-0: Ball
2-0: Called Strike
2-1: Ball
3-1: Called Strike
3-2: Foul Ball, location: 2F
3-2: Base on Balls
Batting: RHB John Denton 0-0: Foul Ball, location: 2F
0-1: Ball
1-1: Ball
2-1: DOUBLE (Line Drive, 7D)
Shawn Marshall scores
Ricardo Arévalo to third
Batting: RHB Jesús Cabrera 0-0: Ball
1-0: Ball
2-0: Foul Ball, location: 2F
2-1: Fly out, F7 (Line Drive, 7)
Top of the 2nd over - 2 run(s), 3 hit(s), 0 error(s), 2 left on base; Louisville 4 - Birmingham 1
BOTTOM OF THE 2ND
Birmingham Barons batting - Pitching for Louisville Bats : LHP Matt Parker
Batting: RHB Eric Johnson 0-0: Ball
1-0: Foul Ball, location: 2F
1-1: Ball
2-1: Ball
3-1: Ground out 6-3 (Groundball, 6)
Batting: LHB John Haney 0-0: Foul Ball, location: 2F
0-1: Swinging Strike
0-2: Hit by Pitch
Batting: RHB Vicente Elías 0-0: Swinging Strike
0-1: Ball
1-1: Swinging Strike
1-2: Strikes out swinging
Batting: SHB Tony Echevarría 0-0: Ball
1-0: Fielders Choice at 2nd, 6-4 (Groundball, 6)
Bottom of the 2nd over - 0 run(s), 0 hit(s), 0 error(s), 0 left on base; Louisville 4 - Birmingham 1
TOP OF THE 3RD
Louisville Bats batting - Pitching for Birmingham Barons : RHP Guillermo Lozano
Batting: RHB Eric Thompson 0-0: Ball
1-0: Ball
2-0: Ball
3-0: Called Strike
3-1: Foul Ball, location: 2F
3-2: Foul Ball, location: 2F
3-2: Strikes out swinging
Batting: RHB Dick Slagboom 0-0: Foul Ball, location: 2F
0-1: Fly out, F9 (Flyball, 9S)
Batting: RHB Juan Costello 0-0: DOUBLE (Flyball, 89XD)
Batting: RHB Danny Campbell 0-0: SINGLE (Groundball, 6MD)
Juan Costello to third
Runner from 3rd tries for Home, SAFE, no throw
Batting: RHB Shawn Marshall 0-0: Ball
1-0: Fly out, F9 (Line Drive, 9S)
Top of the 3rd over - 1 run(s), 2 hit(s), 0 error(s), 1 left on base; Louisville 5 - Birmingham 1
BOTTOM OF THE 3RD
Birmingham Barons batting - Pitching for Louisville Bats : LHP Matt Parker
Batting: RHB Juan Jiménez 0-0: Ball
1-0: Ball
2-0: Foul Ball, location: 2F
2-1: Swinging Strike
2-2: Strikes out swinging, 2-3 out at first.
Batting: RHB Dave Dawson 0-0: Foul Ball, location: 2F
0-1: Ball
1-1: Swinging Strike
1-2: Foul Ball, location: 2F
1-2: Ground out 4-3 (Groundball, 4)
Batting: SHB Theron Harper 0-0: Ball
1-0: Ball
2-0: Foul Ball, location: 2F
2-1: Ball
3-1: Foul Ball, location: 2F
3-2: Ground out 1-3 (Groundball, 15S)
Bottom of the 3rd over - 0 run(s), 0 hit(s), 0 error(s), 0 left on base; Louisville 5 - Birmingham 1
TOP OF THE 4TH
Louisville Bats batting - Pitching for Birmingham Barons : RHP Guillermo Lozano
Batting: LHB John Latham 0-0: Called Strike
0-1: Ball
1-1: Ball
2-1: Called Strike
2-2: Ball
3-2: Foul Ball, location: 2F
3-2: Base on Balls
Pitching: RHP Félix Andrade
Batting: SHB Ricardo Arévalo 0-0: Ball
1-0: Ball
2-0: Ball
3-0: Called Strike
3-1: Called Strike
3-2: SINGLE (Line Drive, 78S)
John Latham to second
John Latham to third
Batting: RHB John Denton 0-0: Ball
1-0: Called Strike
Ricardo Arévalo steals 2nd base
1-1: Foul Ball, location: 2F
1-2: Ball
2-2: Ball
3-2: Base on Balls
Batting: RHB Jesús Cabrera 0-0: Ball
1-0: Foul Ball, location: 2F
1-1: Fly out, F4 (Popup, 3D)
Batting: RHB Eric Thompson 0-0: Foul Ball, location: 2F
0-1: Ground out 5-3 (Groundball, 5S)
John Latham scores
Ricardo Arévalo to third
John Denton to second
Batting: RHB Dick Slagboom 0-0: Called Strike
0-1: Foul Ball, location: 2F
0-2: Ball
1-2: Ball
2-2: Ground out 4-3 (Groundball, 4S)
Top of the 4th over - 1 run(s), 1 hit(s), 0 error(s), 2 left on base; Louisville 6 - Birmingham 1
BOTTOM OF THE 4TH
Birmingham Barons batting - Pitching for Louisville Bats : LHP Matt Parker
Batting: LHB Chris Miller 0-0: Called Strike
0-1: Called Strike
0-2: Strikes out swinging
Batting: RHB Peyton Yardley 0-0: Ball
1-0: Ground out 6-3 (Groundball, 6)
Batting: RHB Eric Johnson 0-0: Called Strike
0-1: Foul Ball, location: 2F
0-2: SOLO HOME RUN (Flyball, 7LD), Distance : 360 ft
Batting: LHB John Haney 0-0: Ball
1-0: Ball
2-0: Ground out 4-3 (Groundball, 4)
Bottom of the 4th over - 1 run(s), 1 hit(s), 0 error(s), 0 left on base; Louisville 6 - Birmingham 2
TOP OF THE 5TH
Louisville Bats batting - Pitching for Birmingham Barons : RHP Félix Andrade
Batting: RHB Juan Costello 0-0: Ball
1-0: Ball
2-0: Called Strike
2-1: Foul Ball, location: 2F
2-2: Strikes out swinging
Batting: RHB Danny Campbell 0-0: Ball
1-0: Swinging Strike
1-1: Foul Ball, location: 2F
1-2: Foul Ball, location: 2F
1-2: SINGLE (Line Drive, 3L)
Batting: RHB Shawn Marshall 0-0: Called Strike
0-1: Grounds into double play, 4-6-3 (Groundball, 4)
Top of the 5th over - 0 run(s), 1 hit(s), 0 error(s), 0 left on base; Louisville 6 - Birmingham 2
BOTTOM OF THE 5TH
Birmingham Barons batting - Pitching for Louisville Bats : LHP Matt Parker
Batting: RHB Vicente Elías 0-0: Ball
1-0: Foul Ball, location: 2F
1-1: Called Strike
1-2: Ball
2-2: Ground out 5-3 (Groundball, 56)
Batting: SHB Tony Echevarría 0-0: Ball
1-0: Foul Ball, location: 2F
1-1: Fly out, F8 (Line Drive, 8LM)
Batting: RHB Juan Jiménez 0-0: Swinging Strike
0-1: Swinging Strike
0-2: Ball
1-2: Ball
2-2: Strikes out swinging
Bottom of the 5th over - 0 run(s), 0 hit(s), 0 error(s), 0 left on base; Louisville 6 - Birmingham 2
TOP OF THE 6TH
Louisville Bats batting - Pitching for Birmingham Barons : RHP Félix Andrade
Batting: LHB John Latham 0-0: Called Strike
0-1: Foul Ball, location: 2F
0-2: Ball
1-2: Foul Ball, location: 2F
1-2: Ball
2-2: Foul Ball, location: 2F
2-2: Strikes out looking
Batting: SHB Ricardo Arévalo 0-0: Ball
1-0: Called Strike
1-1: Ball
2-1: Swinging Strike
2-2: Ball
3-2: Foul Ball, location: 2F
3-2: Foul Ball, location: 2F
3-2: Hit by Pitch
Batting: RHB John Denton 0-0: Ball
1-0: Ball
2-0: Called Strike
2-1: Foul Ball, location: 2F
2-2: Ball
3-2: Foul Ball, location: 2F
3-2: Foul Ball, location: 2F
3-2: SINGLE (Flyball, 89S)
Ricardo Arévalo to second
Runner from 2nd tries for 3rd, SAFE, no throw
Pitching: RHP Stanley Briggs
Batting: RHB Jesús Cabrera 0-0: DOUBLE (Line Drive, 78XD)
Ricardo Arévalo scores
John Denton to third
Runner from 3rd tries for Home, SAFE, throw made home
Batting: RHB Eric Thompson 0-0: Called Strike
0-1: Called Strike
Jesús Cabrera steals 3rd base
0-2: Ball
1-2: Ball
2-2: Fly out, F8 (Flyball, 89S)
Batting: RHB Dick Slagboom 0-0: Ball
1-0: Foul Ball, location: 2F
1-1: SINGLE (Line Drive, 8RS)
Jesús Cabrera scores
Batting: RHB Juan Costello 0-0: Foul Ball, location: 2F
0-1: Ball
1-1: Foul Ball, location: 2F
1-2: Foul Ball, location: 2F
1-2: Ball
2-2: Ball
3-2: Base on Balls
Dick Slagboom to second
Batting: RHB Danny Campbell 0-0: Swinging Strike
0-1: Ball
1-1: Swinging Strike
1-2: Fly out, F9 (Flyball, 89M)
Top of the 6th over - 3 run(s), 3 hit(s), 0 error(s), 2 left on base; Louisville 9 - Birmingham 2
BOTTOM OF THE 6TH
Birmingham Barons batting - Pitching for Louisville Bats : LHP Matt Parker
Batting: RHB Dave Dawson 0-0: Ball
1-0: Called Strike
1-1: Ground out 5-3 (Groundball, 56)
Batting: SHB Theron Harper 0-0: Foul Ball, location: 2F
0-1: Ball
1-1: SOLO HOME RUN (Flyball, 8LXD), Distance : 412 ft
Batting: LHB Chris Miller 0-0: Ball
1-0: Called Strike
1-1: Ball
2-1: Foul Ball, location: 2F
2-2: SINGLE (Groundball, 56D)
Pitching: RHP Arthur Green
Batting: RHB Peyton Yardley 0-0: Ball
1-0: Swinging Strike
1-1: Swinging Strike
1-2: Ball
2-2: Ball
3-2: Base on Balls
Chris Miller to second
Batting: RHB Eric Johnson 0-0: Grounds into double play, 5-4-3 (Groundball, 56)
Bottom of the 6th over - 1 run(s), 2 hit(s), 0 error(s), 1 left on base; Louisville 9 - Birmingham 3
TOP OF THE 7TH
Louisville Bats batting - Pitching for Birmingham Barons : RHP Stanley Briggs
Batting: RHB Shawn Marshall 0-0: Swinging Strike
0-1: Foul Ball, location: 2F
0-2: Strikes out swinging
Batting: LHB John Latham 0-0: Called Strike
0-1: Foul Ball, location: 2F
0-2: Ball
1-2: Foul Ball, location: 2F
1-2: Strikes out swinging
Batting: SHB Ricardo Arévalo 0-0: Foul Ball, location: 2F
0-1: Ball
1-1: Ball
2-1: SINGLE (Groundball, 6MD)
Batting: RHB John Denton 0-0: Fly out, F9 (Flyball, 9S)
Top of the 7th over - 0 run(s), 1 hit(s), 0 error(s), 1 left on base; Louisville 9 - Birmingham 3
BOTTOM OF THE 7TH
Birmingham Barons batting - Pitching for Louisville Bats : RHP Arthur Green
Batting: LHB John Haney 0-0: Ball
1-0: Ground out 1-3 (Groundball, 15)
Batting: RHB Vicente Elías 0-0: Called Strike
0-1: DOUBLE (Line Drive, 9LM)
Batting: SHB Tony Echevarría 0-0: Called Strike
0-1: Called Strike
0-2: Strikes out looking
Batting: RHB Juan Jiménez 0-0: Ball
1-0: Ball
2-0: 2-RUN HOME RUN (Line Drive, 78XD), Distance : 411 ft
Batting: RHB Dave Dawson 0-0: Called Strike
0-1: Fly out, F7 (Flyball, 7)
Bottom of the 7th over - 2 run(s), 2 hit(s), 0 error(s), 0 left on base; Louisville 9 - Birmingham 5
TOP OF THE 8TH
Louisville Bats batting - Pitching for Birmingham Barons : RHP Stanley Briggs
Batting: RHB Jesús Cabrera 0-0: Ball
1-0: Foul Ball, location: 2F
1-1: SINGLE (Line Drive, 8LS)
Batting: RHB Eric Thompson 0-0: Ball
Jesús Cabrera steals 2nd base
1-0: Ball
2-0: Foul Ball, location: 2F
2-1: Foul Ball, location: 2F
2-2: Ground out 5-3 (Groundball, 5)
Batting: RHB Dick Slagboom 0-0: Foul Ball, location: 2F
0-1: Foul Ball, location: 2F
0-2: Foul Ball, location: 2F
0-2: Ball
1-2: Ball
2-2: Ball
3-2: 2-RUN HOME RUN (Flyball, 8LXD), Distance : 439 ft
Pitching: RHP Rick Grant
Batting: RHB Juan Costello 0-0: Ball
1-0: Ball
2-0: Ball
3-0: Called Strike
3-1: Base on Balls
Batting: RHB Danny Campbell 0-0: Ball
1-0: Fly out, F6 (Popup, 56D)
Batting: RHB Shawn Marshall 0-0: Ground out 4-3 (Groundball, 4MS)
Top of the 8th over - 2 run(s), 2 hit(s), 0 error(s), 1 left on base; Louisville 11 - Birmingham 5
BOTTOM OF THE 8TH
Birmingham Barons batting - Pitching for Louisville Bats : RHP Arthur Green
Batting: SHB Theron Harper 0-0: Ball
1-0: Fly out, F7 (Flyball, 7S)
Batting: LHB Chris Miller 0-0: Ball
1-0: Ground out 6-3 (Groundball, 6)
Batting: RHB Peyton Yardley 0-0: Ball
1-0: Ball
2-0: SINGLE (Groundball, 56D)
Batting: RHB Eric Johnson 0-0: Called Strike
0-1: Called Strike
0-2: Ball
1-2: Foul Ball, location: 2F
1-2: Strikes out swinging
Bottom of the 8th over - 0 run(s), 1 hit(s), 0 error(s), 1 left on base; Louisville 11 - Birmingham 5
TOP OF THE 9TH
Louisville Bats batting - Pitching for Birmingham Barons : RHP Rick Grant
Batting: LHB John Latham 0-0: Hit by Pitch
Batting: SHB Ricardo Arévalo 0-0: Foul Ball, location: 2F
0-1: Ball
1-1: Ball
2-1: Foul Ball, location: 2F
2-2: DOUBLE (Flyball, 89XD)
John Latham to third
Batting: RHB John Denton 0-0: Foul Ball, location: 2F
0-1: Ball
1-1: Called Strike
1-2: Foul Ball, location: 2F
1-2: SINGLE (Flyball, 8RS)
John Latham scores
Ricardo Arévalo to third
Batting: RHB Jesús Cabrera 0-0: Ball
1-0: Ball
2-0: Grounds into double play, 6-4-3 (Groundball, 6)
Ricardo Arévalo scores
Batting: RHB Eric Thompson 0-0: Ball
1-0: Called Strike
1-1: SINGLE (Groundball, 56) (infield hit)
Batting: RHB Dick Slagboom 0-0: Ball
1-0: Called Strike
1-1: Ball
2-1: Ball
3-1: Swinging Strike
3-2: Base on Balls
Eric Thompson to second
Batting: RHB Juan Costello 0-0: Ball
1-0: Ball
2-0: Called Strike
2-1: Ball
3-1: Base on Balls
Eric Thompson to third
Dick Slagboom to second
Batting: RHB Danny Campbell 0-0: Ball
1-0: Called Strike
1-1: Swinging Strike
1-2: SINGLE (Line Drive, 9S)
Eric Thompson scores
Dick Slagboom to third
Juan Costello to second
Pitching: LHP Richard Simpson
Batting: RHB Shawn Marshall 0-0: Called Strike
0-1: Ball
1-1: Ball
2-1: Swinging Strike
2-2: Strikes out swinging
Top of the 9th over - 3 run(s), 4 hit(s), 0 error(s), 3 left on base; Louisville 14 - Birmingham 5
BOTTOM OF THE 9TH
Birmingham Barons batting - Pitching for Louisville Bats : RHP Arthur Green
Batting: LHB John Haney 0-0: Foul Ball, location: 2F
0-1: Ball
1-1: Called Strike
1-2: Ball
2-2: SINGLE (Groundball, 4MD)
Batting: RHB Vicente Elías 0-0: Called Strike
0-1: Ball
1-1: Ball
2-1: Foul Ball, location: 2F
2-2: Foul Ball, location: 2F
2-2: Foul Ball, location: 2F
2-2: Ball
3-2: Fly out, F7 (Flyball, 7LS)
Batting: SHB Tony Echevarría 0-0: Grounds into double play, 4-6-3 (Groundball, 4)
Bottom of the 9th over - 0 run(s), 1 hit(s), 0 error(s), 0 left on base; Louisville 14 - Birmingham 5
Tuesday, August 8th, 2017 - OOTP Baseball 17.12 Build 75